 Dungeon Crawl Stone Soup version 0.20-a0-940-g1ecfa5a (webtiles) character file.

720623 exodus255 the Minotaur Barricade (level 27, 0/283 HPs)
             Began as a Minotaur Berserker on Mar 30, 2017.
             Was the Champion of Trog.
             Killed from afar by a hellion (16 damage)
             ... with damnation
             ... on level 7 of Gehenna.
             The game lasted 08:34:23 (62239 turns).

exodus255 the Minotaur Barricade (MiBe)            Turns: 62239, Time: 08:34:23

Health: 0/283      AC: 40    Str: 30    XL:     27
Magic:  22/22      EV: 39    Int: 14    God:    Trog [******]
Gold:   5554       SH: 36    Dex: 32    Spells: 26/26 levels left

rFire    + + +     SeeInvis .   a - +9 war axe (vamp)
rCold    + . .     Gourm    .   Z - +7 large shield of the Vestibule of Hell {rF+ rCorr Str+5}
rNeg     . . .     Faith    .   g - +2 gold dragon scales
rPois    +         Spirit   .   k - +1 hat of Reason {Int+4}
rElec    .         Reflect  .   h - +1 cloak "Rasomm" {rF+ Int+4 Dex+6}
rCorr    +         Harm     .   K - +0 pair of gloves {Dex+3}
MR       ++++.                  C - +4 pair of boots of Pride {rPois Dex+3 Stlth+}
Stlth    ..........             l - amulet of Vitality {Regen+ HP+15}
Regen    2.0/turn               L - +5 ring of evasion
MPRegen  0.2/turn               t - +4 ring of evasion

@: regenerating
A: retaliatory headbutt, beak, horns 2, clever 1, wild magic 1
}: 5/15 runes: decaying, slimy, silver, abyssal, gossamer
a: Berserk, Trog's Hand, Brothers in Arms, Burn Spellbooks, Renounce Religion


You were on level 7 of Gehenna.
You worshipped Trog.
Trog was exalted by your worship.
You were not hungry.

You visited 14 branches of the dungeon, and saw 68 of its levels.
You visited the Abyss 2 times.
You also visited: Labyrinth, Ossuary, Bailey and Wizlab.

You collected 8455 gold pieces.
You spent 2901 gold pieces at shops.

Inventory:

Hand Weapons
 a - a +9 vampiric war axe (weapon)
 P - the +9 hunting sling "Vorchy Oggou" {flame, rElec rPois Str-4}
   (You found it on level 9 of the Dungeon)

   It causes projectiles fired from it to burn those they strike, causing extra
   injury to most foes and up to half again as much damage against particularly
   susceptible opponents.
   It affects your strength (-4).
   It insulates you from electricity.
   It protects you from poison.
 W - the +11 war axe "Veoteuq" {chop, +Inv rN++ MR-}
   (Trog gifted it to you on level 5 of the Vaults)

   It inflicts extra damage upon your enemies.
   It greatly protects you from negative energy.
   It affects your resistance to hostile enchantments.
   It lets you turn invisible.
Missiles
 M - 11 javelins of returning (quivered)
 Q - 375 sling bullets
Armour
 g - +2 gold dragon scales (worn)
 h - the +1 cloak "Rasomm" (worn) {rF+ Int+4 Dex+6}
   (You found it on level 13 of the Dungeon)

   It affects your intelligence (+4).
   It affects your dexterity (+6).
   It protects you from fire.
 k - the +1 hat of Reason (worn) {Int+4}
   (You acquired it on level 3 of the Lair of Beasts)

   It affects your intelligence (+4).
 C - the +4 pair of boots of Pride (worn) {rPois Dex+3 Stlth+}
   (You acquired it on level 13 of the Dungeon)

   It affects your dexterity (+3).
   It protects you from poison.
   It makes you more stealthy.
 K - a +0 pair of gloves of dexterity (worn)
 R - a +6 plate armour of cold resistance
 Z - the +7 large shield of the Vestibule of Hell (worn) {rF+ rCorr Str+5}
   (You took it off Louise on level 1 of the Swamp)

   It affects your strength (+5).
   It protects you from fire.
   It protects you from acid and corrosion.
Jewellery
 d - an uncursed ring of protection from cold
 i - an uncursed ring of protection from magic
 l - the amulet of Vitality (around neck) {Regen+ HP+15}
   (You found it on level 3 of the Elven Halls)

   [amulet of regeneration]

   It affects your health (+15).
   It increases your rate of regeneration.
 t - a +4 ring of evasion (right hand)
 w - an uncursed ring of positive energy
 L - a +5 ring of evasion (left hand)
 N - a +5 amulet of reflection
Wands
 F - a wand of digging (16/24)
 U - a wand of iceblast (10/15)
 V - a wand of acid (10/15)
 Y - a wand of clouds (1/9)
Scrolls
 c - 19 scrolls of teleportation
 e - 4 scrolls of recharging
 f - 17 scrolls of remove curse
 D - 17 scrolls of identify
 G - 6 scrolls of fog
 I - 8 scrolls of fear
 J - 4 scrolls of magic mapping
 T - 3 scrolls of summoning
 X - 9 scrolls of enchant weapon
Potions
 b - 3 potions of resistance
 n - 11 potions of might
 o - 12 potions of lignification
 q - 5 potions of mutation
 s - 9 potions of ambrosia
 x - 8 potions of agility
 z - 3 potions of berserk rage
 A - 14 potions of curing
 B - 2 potions of cancellation
 E - 8 potions of haste
 S - 7 potions of invisibility
Miscellaneous
 j - 5 phantom mirrors
 r - a phial of floods
 u - a fan of gales
 O - a lamp of fire
Comestibles
 p - 29 fruits


   Skills:
 + Level 25.9 Fighting
   Level 14.0 Short Blades
 + Level 22.8 Axes
 - Level 6.0 Slings
 + Level 25.9 Armour
 + Level 24.1 Dodging
 O Level 27 Shields


You had 26 spell levels left.
You didn't know any spells.

Dungeon Overview and Level Annotations

Branches:
Dungeon (15/15)            Temple (0/1) D:5            Lair (6/6) D:10
  Swamp (4/4) Lair:2       Spider (4/4) Lair:4        Slime (5/5) Lair:6
    Orc (2/2) D:9             Elf (3/3) Orc:2        Vaults (5/5) D:14
  Crypt (3/3) Vaults:2     Depths (5/5) D:15           Hell (1/1)
    Geh (7/7) Hell            Coc (0/7) Hell            Tar (7/7) Hell
    Zot (1/5) Depths:5
   Tomb: Crypt:3        Dis: Hell:1

Altars:
Cheibriados
Elyvilon
Fedhas
Hepliaklqana
Kikubaaqudgha
Makhleb
Nemelex Xobeh
Okawaru
Sif Muna
Trog
Uskayaw
Vehumet
Yredelemnul
The Shining One
Jiyva

Shops:
D:4 %   D:5 %   D:8 (::(!   D:14 (*   Orc:1 %   Orc:2 *!*   Vaults:1 *
Vaults:3 (   Depths:2 ==}   Depths:3 [

Portals:
Hell: Depths:1 Depths:2 Depths:3 Depths:5
Abyss: Depths:1 Depths:2 Depths:3
Pandemonium: Depths:3 Depths:5
Ziggurat: Depths:3
Trove: Vaults:2 (give +5 demon blade)

Annotations:
Spider:1 exclusion: Roxanne, Roxanne
Depths:3 exclusion: orange crystal statue
Hell exclusion: ice statue


Innate Abilities, Weirdness & Mutations

You reflexively headbutt those who attack you in melee.
You have a pair of horns on your head.
You have a beak for a mouth.
Your mind is acute. (Int +2)
Your spells are a little harder to cast, but a little more powerful.


Message History

There is an open door here.
Your skin crawls.
You feel resistant to hostile enchantments.
You feel somewhat more hungry. The smoke demon gestures at you.
Something smites you!
* * * LOW HITPOINT WARNING * * *
The hellion gestures at you.
The sphere of damnation explodes!
The damnation engulfs you!
* * * LOW HITPOINT WARNING * * *
The damnation engulfs the hellion.
The hellion completely resists.
You hear a roar!
You slice the hellion!!
The hellion is heavily wounded.
You block the hellion's attack.
You closely miss the hellion. Your peck misses the hellion.
The hellion is heavily wounded.
The hellion gestures at you.
The sphere of damnation explodes!
The damnation engulfs you!
You die...

#######.##.##...)...#
≈≈≈≈≈≈#....##...)...#
§§≈≈§§#....##.#...#.#
≈≈≈≈≈3###+###.......#
≈≈≈≈§≈§# #.......#
≈≈≈§§≈≈#. #.#...#.#
§§≈≈§§##$ #.......#
## #...2...# ##
≈§###'#@#'###§§
§≈≈≈≈#.....#§§§§§
§≈≈§§#.....#≈≈≈§§≈
≈§≈v§#.8.8.#4≈≈≈≈≈
≈§≈§§#.....#3§≈≈§≈
≈§≈≈v#.8.8.#§≈≈§§≈


v≈vv §§≈§≈#.....#§§≈§§§ §§§≈≈§ §W≈≈§#)8.8.#§§§§≈ § §≈≈≈ ≈≈§≈#..)..#≈≈≈≈≈≈ You
could see a smoke demon, a hellion, a wraith, a red devil and a fire vortex.

Vanquished Creatures
  the Royal Jelly (Slime:5)
  An orb of fire (Zot:1)
  An ancient lich (Vaults:5)
  Frederick (Crypt:1)
  Saint Roka (Vaults:2)
  Geryon (Hell)
  2 golden dragons
  The ghost of Psyclone the Sorcerer, a veteran DEFE of Vehumet (Vaults:5)
  A curse toe (Crypt:3)
  Jory (Crypt:3)
  6 bone dragons
  Nikola (Spider:4)
  7 doom hounds
  3 Brimstone Fiends
  Arachne (Spider:3)
  Jorgrun (Elf:2)
  19 Tzitzimimeh
  5 tentacled monstrosities
  A moon troll (WizLab)
  8 liches
  9 titans
  2 deep elf blademasters (Elf:3)
  4 quicksilver dragons
  An eldritch tentacle (Tar:1)
  A deep elf master archer (Elf:3)
  2 death cobs (Zot:1)
  16 acid blobs
  17 tentacled starspawn
  Frances (D:13)
  8 sphinxes
  2 thorn hunters
  10 ancient champions
  5 storm dragons
  8 shadow dragons
  6 azure jellies
  8 tengu reavers
  3 draconian monks
  5 revenants
  12 fire giants
  9 frost giants
  5 deep elf sorcerers
  A draconian scorcher (Abyss:3)
  Aizul (Elf:1)
  3 ghost moths (Spider:4)
  2 orc warlords
  The ghost of Buffagor the Cleaver, an adept GrFi of Okawaru (Orc:1)
  9 emperor scorpions
  10 balrugs
  20 ghouls
  18 vault wardens
  Louise (Swamp:1)
  A cacodemon (WizLab)
  4 curse skulls
  A draconian shifter (Zot:1)
  8 vampire knights
  18 reapers
  5 deep elf elementalists
  19 stone giants
  18 very ugly things
  16 ironheart preservers
  8 entropy weavers
  2 war gargoyles (WizLab)
  4 green draconians
  8 deep elf demonologists
  A lorocyproca (Hell)
  3 black draconians
  3 yellow draconians
  9 deep elf annihilators (Elf:3)
  2 spark wasps
  3 purple draconians
  2 red draconians (Zot:1)
  3 blizzard demons (Hell)
  2 eidola (Crypt:2)
  10 deep elf death magi
  12 ettins
  The ghost of filfer the Unseen, a journeyman FeBe of Trog (Depths:1)
  7 death oozes
  8 crystal guardians
  A minotaur (Lab)
  12 jiangshi
  10 fire dragons
  A kraken zombie (Hell)
  A merfolk impaler (Depths:5)
  3 quicksilver dragon zombies
  Erolcha (D:9)
  18 ogre magi
  12 yaktaur captains
  A naga warrior (Abyss:3)
  Josephine (Swamp:1)
  The ghost of jujuben the Impaler, a journeyman MiBe of Trog (D:11)
  5 deep elf high priests
  6 rakshasas
  13 great orbs of eyes
  Fannar (D:10)
  2 hell beasts
  4 ghost crabs
  4 ice dragons
  A spriggan air mage (Depths:2)
  30 vault guards
  A catoblepas (Lair:1)
  Erica (D:11)
  A queen ant (Spider:2)
  6 centaur warriors
  3 death knights
  65 two-headed ogres
  24 hydras
  33 dancing weapons
  2 death yaks (Lair:6)
  A two-headed ogre (shapeshifter) (Vaults:5)
  8 alligators
  5 orc high priests (Orc:2)
  3 spriggan berserkers
  14 hell hogs
  15 thrashing horrors
  9 vampire magi
  2 deep troll earth magi (Vaults:4)
  7 tengu warriors
  3 titan zombies
  2 iron golems
  7 wretched stars
  10 soul eaters
  15 deep elf knights
  9 sun demons
  Nergalle (D:10)
  2 spatial maelstroms
  7 hell knights
  2 salamander mystics (Depths:5)
  17 large abominations
  A storm dragon zombie (Geh:5)
  11 shadow wraiths
  46 skeletal warriors
  11 deep trolls
  A death drake (Tar:2)
  3 sixfirhies (Abyss:3)
  2 storm dragon skeletons
  A deep troll (shapeshifter) (Vaults:3)
  An orange crystal statue (WizLab)
  8 unseen horrors
  A sea snake (shapeshifter) (Depths:2)
  14 swamp dragons
  3 shambling mangroves
  2 ghost moth zombies
  9 glowing orange brains
  6 flayed ghosts
  A golden dragon zombie (Tar:7)
  A spriggan druid (Swamp:4)
  5 wizards
  11 shadow demons
  A torturous demonspawn (Depths:3)
  52 deep elf magi
  2 anaconda skeletons
  14 phantasmal warriors
  2 wolf spider zombies
  5 necromancers
  12 deep elf archers
  24 orc knights
  10 orb spiders
  An orb spider (shapeshifter) (D:14)
  2 shadow dragon skeletons
  2 harpies (shapeshifter)
  29 wolf spiders
  32 ironbrand convokers
  2 tengu skeletons
  70 ugly things
  6 salamanders (Depths:5)
  4 orc sorcerers
  7 cyclopes
  4 fire giant zombies
  4 moths of wrath
  4 shining eyes
  A salamander (shapeshifter) (Vaults:1)
  A faun (shapeshifter) (Depths:2)
  6 manticores
  2 iron dragon skeletons
  3 dire elephant zombies
  4 centaur zombies
  14 vault sentinels
  A black mamba (shapeshifter) (Elf:3)
  A stone giant skeleton (Tar:2)
  Joseph (D:9)
  3 black mambas
  2 apocalypse crabs (Abyss:3)
  3 guardian serpents (Abyss:3)
  2 rust devils (Hell)
  A fire giant skeleton (Geh:1)
  A shock serpent zombie (Geh:5)
  10 smoke demons
  3 torpor snails
  6 elephants (Lair:6)
  3 naga magi
  A guardian serpent (shapeshifter) (Depths:2)
  4 molten gargoyles
  14 spiny frogs
  7 eyes of devastation
  An orange demon (Abyss:3)
  A catoblepas zombie (Tar:2)
  13 hellions
  A spiny frog (shapeshifter) (Vaults:5)
  A shock serpent skeleton (Tar:7)
  A komodo dragon (shapeshifter) (Abyss:2)
  3 dire elephant skeletons
  52 yaktaurs
  2 kobold demonologists (D:12)
  13 freezing wraiths
  4 ice devils
  4 efreet
  11 tormentors
  2 harpy zombies
  14 komodo dragons
  An anaconda simulacrum (Hell)
  3 hellwings
  A queen bee (Abyss:3)
  3 ancient zymes (Abyss:3)
  4 guardian mummies (Crypt:3)
  A pale draconian skeleton (Crypt:3)
  2 tengu conjurers
  A minotaur zombie (Crypt:1)
  4 hydra zombies
  7 demonic crawlers
  5 meliai (Abyss:3)
  A polar bear (shapeshifter) (D:13)
  9 polar bears
  2 queen bees (shapeshifter)
  9 red devils
  39 jumping spiders
  9 trolls
  A merfolk (shapeshifter) (Depths:5)
  6 tyrant leeches
  17 hornets
  2 minotaur skeletons
  A harpy skeleton (Geh:7)
  3 hydra skeletons
  52 slime creatures
  2 spriggan zombies
  9 raiju (Abyss:3)
  A jumping spider zombie (Crypt:1)
  Prince Ribbit (D:9)
  19 blink frogs
  14 bog bodies
  2 ettin zombies
  A hippogriff (shapeshifter) (Vaults:3)
  9 dream sheep
  7 hippogriffs
  An ice dragon skeleton (Tar:2)
  3 fire dragon zombies
  A redback (shapeshifter) (Vaults:1)
  36 flying skulls
  14 small abominations
  15 shadows
  2 centaur simulacra
  4 ettin skeletons
  29 starcursed masses
  17 spriggans
  4 ynoxinuls (Abyss:3)
  76 redbacks
  An alligator skeleton (Hell)
  A tarantella (shapeshifter) (Vaults:2)
  39 tarantellas
  17 wraiths
  3 water elementals
  14 wyverns
  6 vampires
  2 fire bats
  A fire dragon skeleton (Geh:4)
  A human (shapeshifter) (Vaults:1)
  9 basilisks
  6 chaos spawn (Abyss:3)
  37 yaks
  23 fire elementals
  11 hungry ghosts
  15 golden eyes
  A steam dragon (D:12)
  6 neqoxecs
  A black mamba skeleton (Geh:1)
  6 wargs
  2 spatial vortices (Abyss:3)
  15 vampire mosquitoes
  3 human simulacra
  A deep troll zombie (Crypt:3)
  18 swamp worms
  4 acid dragons
  4 nagas (Abyss:3)
  A soldier ant (shapeshifter) (D:15)
  An insubstantial wisp (Abyss:3)
  16 soldier ants (Spider:2)
  15 hell hounds
  7 water moccasins
  3 floating eyes
  9 porcupines
  15 swamp drakes
  75 orc warriors
  A snapping turtle zombie (Tar:7)
  7 ice beasts
  3 sky beasts
  5 phantoms
  2 spiny frog skeletons
  3 black bears
  6 boggarts
  7 eyes of draining
  18 necrophages
  20 wolves
  55 ogres
  4 snapping turtle skeletons
  A swamp dragon skeleton (Geh:4)
  13 centaurs
  14 crocodiles
  6 big kobolds
  24 bullfrogs
  2 elf zombies (Ossuary)
  A hippogriff zombie (Crypt:3)
  A draconian skeleton (Crypt:2)
  A yaktaur skeleton (Crypt:2)
  4 earth elementals
  8 scorpions
  A killer bee (shapeshifter) (D:13)
  19 killer bees
  3 spriggan skeletons
  28 wights
  4 howler monkeys
  A yak skeleton (Crypt:3)
  2 quasits (Abyss:3)
  2 bullfrog zombies
  11 crimson imps
  3 human zombies
  5 jellies
  37 orc priests
  31 orc wizards
  6 hounds
  8 centaur skeletons
  3 bullfrog skeletons
  2 iron imps
  Ijyb (D:3)
  Natasha (thrice) (D:3)
  8 hell rats
  A human skeleton (Crypt:2)
  26 worker ants
  5 iguanas
  A killer bee zombie (Crypt:1)
  A big kobold zombie (Crypt:1)
  A crocodile zombie (Crypt:2)
  2 hound zombies
  2 naga skeletons
  2 ogre skeletons
  A dwarf skeleton (Crypt:2)
  A hound skeleton (D:9)
  4 mummies (Ossuary)
  A worker ant zombie (D:5)
  6 gnolls
  17 adders
  15 shadow imps
  2 white imps (Depths:3)
  6 ufetubi
  3 oozes
  2 adder zombies
  A lava snake zombie (Crypt:3)
  2 adder skeletons
  5 worms
  A barachi zombie (Crypt:2)
  7 dart slugs
  3 leopard geckos
  159 orcs
  8 bats
  3 giant cockroaches
  2 gnoll zombies (Ossuary)
  11 goblins
  15 hobgoblins
  5 jackals
  A quokka (D:7)
  3 ball pythons
  A frilled lizard (D:2)
  A frilled lizard zombie (Crypt:3)
  A giant cockroach zombie (Crypt:1)
  A goblin zombie (Ossuary)
  A hobgoblin skeleton (Crypt:1)
  2 hobgoblin zombies (Ossuary)
  A jackal skeleton (Crypt:1)
  11 kobolds
  A leopard gecko skeleton (D:6)
  2 orc zombies
  A quokka skeleton (D:5)
  3 rats
  A rat zombie (Ossuary)
  A river rat skeleton (Crypt:2)
  7 briar patches (Swamp:2)
  8 demonic plants (WizLab)
  A fire vortex (Geh:7)
  2 fungi
  A plant (Lair:4)
  20 starspawn tentacles
  A tentacle (Hell)
3104 creatures vanquished.

Vanquished Creatures (collateral kills)
  3 acid blobs (Slime:5)
  An azure jelly (Slime:5)
  4 death oozes (Slime:5)
  A shining eye (Slime:5)
9 creatures vanquished.

Vanquished Creatures (others)
  A deep elf master archer (Elf:3)
  The ghost of Idiomancer the Tortoise, an adept HuFi of Okawaru (Spider:4)
  An eldritch tentacle (Tar:4)
  A sphinx (Crypt:3)
  A tengu reaver (Vaults:5)
  A vampire knight (Vaults:2)
  5 yaktaur captains
  A centaur warrior (Depths:1)
  A hell hog (Geh:6)
  A deep elf knight (Elf:1)
  An unseen horror (Abyss:3)
  3 deep elf archers
  2 deep elf magi
  A wolf spider (Spider:3)
  A vault sentinel (Vaults:4)
  14 yaktaurs
  A redback (Spider:1)
  A golden eye (Abyss:3)
  An orc (Vaults:5)
  4 briar patches
  15 fungi
  A lurking horror (Abyss:3)
  30 plants
  27 starspawn tentacles
  4 tentacles (Hell)
120 creatures vanquished.

Grand Total: 3233 creatures vanquished

Notes
Turn   | Place    | Note
-------+----------+-------------------------------------------
     0 | D:1      | exodus255 the Minotaur Berserker began the quest for the Orb.
     0 | D:1      | Reached XP level 1. HP: 19/19 MP: 0/0
   291 | D:1      | Reached XP level 2. HP: 27/27 MP: 1/1
   694 | D:2      | Reached XP level 3. HP: 33/33 MP: 2/2
   804 | D:2      | Reached ** piety under Trog
   990 | D:2      | Reached XP level 4. HP: 31/40 MP: 3/3
  1750 | D:3      | Reached XP level 5. HP: 32/47 MP: 4/4
  1906 | D:3      | Noticed Ijyb
  1914 | D:3      | Killed Ijyb
  2344 | D:3      | Reached skill level 5 in Fighting
  2588 | D:3      | Found a burning altar of Makhleb.
  2588 | D:3      | Noticed a balrug
  2592 | D:3      | Noticed a smoke demon
  2592 | D:3      | Noticed a smoke demon
  2860 | D:3      | Noticed Natasha
  2865 | D:3      | Killed Natasha
  2865 | D:3      | Reached skill level 5 in Axes
  2865 | D:3      | Reached XP level 6. HP: 56/56 MP: 5/5
  2926 | D:3      | Noticed Natasha
  2931 | D:3      | Killed Natasha
  3337 | D:3      | Noticed Natasha
  3348 | D:3      | Killed Natasha
  3372 | D:4      | Found an iron altar of Okawaru.
  3562 | D:4      | Found Hidust's Food Shoppe.
  3792 | D:4      | Reached XP level 7. HP: 61/61 MP: 6/6
  5247 | D:5      | Entered Level 5 of the Dungeon
  5252 | D:5      | Reached skill level 5 in Armour
  5252 | D:5      | Reached skill level 1 in Shields
  5253 | D:5      | Found a bloodstained altar of Trog.
  5281 | D:5      | Reached skill level 5 in Dodging
  5473 | D:5      | Found a staircase to the Ecumenical Temple.
  5489 | D:5      | Reached skill level 2 in Shields
  5828 | D:5      | Reached XP level 8. HP: 59/71 MP: 7/7
  5902 | D:5      | Reached skill level 3 in Shields
  5939 | D:5      | Found Qatipp's Food Shop.
  6317 | D:6      | Found a hide-covered altar of Uskayaw.
  6384 | D:6      | Got a dazzling hunting sling
  6389 | D:6      | Identified the +5 hunting sling "Cuosuod" {flame, -Tele rPois Str+9 SInv} (You found it on level 6 of the Dungeon)
  6500 | D:6      | Found a sand-covered staircase.
  6509 | Ossuary  | Entered an ossuary
  6532 | Ossuary  | Reached skill level 4 in Shields
  6581 | Ossuary  | Reached *** piety under Trog
  7166 | D:7      | Reached XP level 9. HP: 79/79 MP: 8/8
  7220 | D:7      | Reached skill level 5 in Shields
  7584 | D:7      | Found a snail-covered altar of Cheibriados.
  7584 | D:7      | Found a deep blue altar of Sif Muna.
  7968 | D:7      | Found a hazy altar of Hepliaklqana.
  8230 | D:8      | Found Xuk Yvvye's Antique Weapon Emporium.
  8341 | D:8      | Found Muneik's Distillery.
  8342 | D:8      | Found Tiatus's Weapon Shoppe.
  8380 | D:8      | Reached **** piety under Trog
  8441 | D:8      | Found an ancient bone altar of Kikubaaqudgha.
  8441 | D:8      | Found a blossoming altar of Fedhas.
  8646 | D:8      | Reached skill level 6 in Shields
  8870 | D:8      | Found Fusireoz's Book Boutique.
  8980 | D:8      | Found Weizopp's Book Shoppe.
  9310 | D:9      | Noticed Joseph
  9312 | D:9      | Noticed a two-headed ogre
  9314 | D:9      | Noticed a two-headed ogre
  9321 | D:9      | Killed a two-headed ogre
  9321 | D:9      | Reached XP level 10. HP: 72/90 MP: 9/9
  9323 | D:9      | Killed a two-headed ogre
  9323 | D:9      | Reached skill level 7 in Shields
  9324 | D:9      | Killed Joseph
  9685 | D:9      | Noticed Erolcha
  9688 | D:9      | Noticed a cyclops
 10047 | D:9      | Killed Erolcha
 10047 | D:9      | Reached skill level 8 in Shields
 10051 | D:9      | Received a gift from Trog
 10112 | D:9      | Found a staircase to the Orcish Mines.
 10117 | D:9      | Noticed Prince Ribbit
 10122 | D:9      | Killed Prince Ribbit
 10193 | D:9      | Killed a cyclops
 10640 | D:9      | Found a sparkling altar of Nemelex Xobeh.
 10697 | D:9      | Reached XP level 11. HP: 99/99 MP: 10/10
 10757 | D:9      | Reached skill level 10 in Fighting
 10803 | D:9      | Got a scorched hunting sling
 10805 | D:9      | Identified the +9 hunting sling "Vorchy Oggou" {flame, rElec rPois Str-4} (You found it on level 9 of the Dungeon)
 10924 | D:9      | Reached skill level 10 in Axes
 11006 | D:10     | Entered Level 10 of the Dungeon
 11122 | D:10     | Noticed Nergalle
 11124 | D:10     | Noticed a spectral orc warlord
 11124 | D:10     | Noticed a spectral orc warlord
 11131 | D:10     | Killed Nergalle
 11131 | D:10     | Reached skill level 1 in Slings
 11176 | D:10     | Found a staircase to the Lair.
 11288 | D:10     | Noticed a two-headed ogre
 11295 | D:10     | Killed a two-headed ogre
 11295 | D:10     | Reached skill level 9 in Shields
 11416 | D:10     | Reached ***** piety under Trog
 11461 | D:10     | Noticed a green ugly thing
 11474 | D:10     | Killed a green ugly thing
 11937 | D:10     | Reached skill level 10 in Armour
 12013 | D:10     | Noticed Fannar
 12037 | D:10     | Killed Fannar
 12612 | Lair:1   | Entered Level 1 of the Lair of Beasts
 12627 | Lair:1   | Noticed a catoblepas
 12655 | Lair:1   | Killed a catoblepas
 12955 | Lair:1   | Noticed a four-headed hydra
 12963 | Lair:1   | Killed a six-headed hydra
 13088 | Lair:1   | Reached XP level 12. HP: 110/110 MP: 11/11
 13122 | Lair:1   | Reached skill level 10 in Shields
 13126 | Lair:1   | Reached skill level 10 in Dodging
 13380 | Lair:1   | Received a gift from Trog
 13735 | Lair:2   | Reached skill level 5 in Slings
 13880 | Lair:2   | Found a staircase to the Swamp.
 14393 | Lair:3   | Found a labyrinth entrance.
 14402 | Lab      | Entered a labyrinth
 14999 | Lab      | Noticed a minotaur
 15007 | Lab      | Killed a minotaur
 15037 | Lab      | Got a twisted scimitar
 15038 | Lab      | Identified the +3 scimitar "Kysiagha" {slice, rC++ Int+5} (You found it in a labyrinth)
 15178 | Lair:3   | Noticed a four-headed hydra
 15187 | Lair:3   | Killed a nine-headed hydra
 15248 | Lair:3   | Noticed an eight-headed hydra
 15254 | Lair:3   | Killed an 11-headed hydra
 15369 | Lair:3   | Identified 2 scrolls of acquirement
 15371 | Lair:3   | Got a faintly humming buckler
 15382 | Lair:3   | Identified the -7 buckler of Hopscotch {Str+3 Int+4} (You acquired it on level 3 of the Lair of Beasts)
 15394 | Lair:3   | Got a faintly humming hat
 15401 | Lair:3   | Identified the +1 hat of Reason {Int+4} (You acquired it on level 3 of the Lair of Beasts)
 16104 | Lair:4   | Reached skill level 11 in Shields
 16337 | Lair:4   | Found a hole to the Spider Nest.
 16387 | Lair:4   | Reached XP level 13. HP: 113/118 MP: 12/12
 16875 | Lair:4   | Upgraded the game from 0.20-a0-930-gbddf555 to 0.20-a0-940-g1ecfa5a
 17135 | Lair:5   | Found an iron altar of Okawaru.
 17577 | Lair:6   | Entered Level 6 of the Lair of Beasts
 17629 | Lair:6   | Received a gift from Trog
 17768 | Lair:6   | Found a staircase to the Slime Pits.
 18071 | Lair:6   | Reached skill level 12 in Shields
 18485 | Lair:6   | Reached XP level 14. HP: 129/129 MP: 13/13
 18595 | Lair:6   | Received a gift from Trog
 18755 | Lair:6   | Received a gift from Trog
 19447 | Orc:1    | Entered Level 1 of the Orcish Mines
 19447 | Orc:1    | Noticed an orc warlord
 19469 | Orc:1    | Killed an orc warlord
 19934 | Orc:1    | Noticed Buffagor's ghost (adept GrFi)
 19946 | Orc:1    | Killed Buffagor's ghost
 20010 | Orc:1    | Found Rogokk's Food Emporium.
 20096 | Orc:1    | Received a gift from Trog
 20171 | Orc:1    | Paralysed by an orc sorcerer for 7 turns
 20450 | Orc:2    | Entered Level 2 of the Orcish Mines
 20450 | Orc:2    | Noticed an orc warlord
 20465 | Orc:2    | Killed an orc warlord
 20465 | Orc:2    | Reached skill level 13 in Shields
 20823 | Orc:2    | Found a staircase to the Elven Halls.
 21165 | Orc:2    | Paralysed by an orc sorcerer for 7 turns
 21767 | Orc:2    | Received a gift from Trog
 21794 | Orc:2    | Found Jubaong's Distillery.
 21797 | Orc:2    | Found Azucvimn's Distillery.
 21798 | Orc:2    | Found Faim's Assorted Antiques.
 21799 | Orc:2    | Found Jissuin's Assorted Antiques.
 21803 | Orc:2    | Bought a scroll labeled FOKLATSUWK for 28 gold pieces
 21803 | Orc:2    | Bought a pair of glowing gloves for 210 gold pieces
 21857 | Orc:2    | Bought a potion of heal wounds for 65 gold pieces
 21857 | Orc:2    | Bought a potion of curing for 39 gold pieces
 21857 | Orc:2    | Bought a potion of curing for 39 gold pieces
 21858 | Orc:2    | Bought a copper ring for 165 gold pieces
 21976 | Orc:1    | Reached ****** piety under Trog
 22054 | D:8      | Bought a manual of Shields for 1545 gold pieces
 22389 | D:11     | Noticed Erica
 22397 | D:11     | Noticed jujuben's ghost (journeyman MiBe)
 22401 | D:11     | Killed Erica
 22429 | D:11     | Killed jujuben's ghost
 22800 | D:12     | Found a flagged portal.
 22810 | Bailey   | Entered a bailey
 22857 | Bailey   | Received a gift from Trog
 22896 | Bailey   | Got a steaming chain mail
 22923 | Bailey   | Reached XP level 15. HP: 132/139 MP: 14/14
 22975 | Bailey   | Got a pitted scarf
 22986 | Bailey   | Identified the scarf of Kintuoq {*Drain Str+4} (You acquired it in a bailey)
 23226 | D:12     | You fall through a shaft!
 23241 | D:13     | Reached skill level 14 in Shields
 23411 | D:12     | Received a gift from Trog
 23693 | D:13     | Noticed Frances
 23704 | D:13     | Killed Frances
 23964 | D:13     | Paralysed by a floating eye for 3 turns
 23974 | D:13     | Paralysed by a floating eye for 4 turns
 24054 | D:13     | Got a pair of scorched boots
 24065 | D:13     | Identified the +4 pair of boots of Pride {rPois Dex+3 Stlth+} (You acquired it on level 13 of the Dungeon)
 24160 | D:13     | Got a slimy cloak
 24171 | D:13     | Identified the +1 cloak "Rasomm" {rF+ Int+4 Dex+6} (You found it on level 13 of the Dungeon)
 24803 | D:14     | Received a gift from Trog
 24904 | D:14     | Reached skill level 15 in Shields
 24935 | D:14     | Reached skill level 15 in Fighting
 24939 | D:14     | Found a gate to the Vaults.
 25019 | D:14     | Received a gift from Trog
 25093 | D:14     | Reached skill level 15 in Axes
 25157 | D:14     | Received a gift from Trog
 25228 | D:14     | Found Kergh's Antique Weapon Shop.
 25331 | D:14     | Found Inuorch's Blood Bar.
 25671 | D:15     | Entered Level 15 of the Dungeon
 25798 | D:15     | Reached XP level 16. HP: 149/149 MP: 15/15
 25933 | D:15     | Found a staircase to the Depths.
 25938 | D:15     | Paralysed by an ogre mage for 7 turns
 25947 | D:15     | Reached skill level 16 in Shields
 26252 | D:15     | Reached skill level 15 in Armour
 26634 | Spider:1 | Entered Level 1 of the Spider Nest
 26664 | Spider:1 | Received a gift from Trog
 26706 | Spider:1 | Noticed Roxanne
 26821 | Spider:1 | Got a scorched long sword
 27192 | Spider:2 | Received a gift from Trog
 27255 | Spider:2 | Identified the +5 long sword of Laucael {flame, rN+ Str+4 Dex+2} (You found it on level 1 of the Spider Nest)
 27262 | Spider:2 | Got a twisted quick blade {god gift}
 27295 | Spider:2 | Reached skill level 17 in Shields
 27759 | Spider:2 | Received a gift from Trog
 28379 | Spider:3 | Noticed Arachne
 28393 | Spider:3 | Killed Arachne
 28483 | Spider:3 | Identified the +11 quick blade "Keweoc" {pierce, +Inv rC+ Str+3 Int-2} (Trog gifted it to you on level 2 of the Spider Nest)
 28581 | Spider:3 | Reached XP level 17. HP: 158/158 MP: 16/16
 28796 | Spider:3 | Reached skill level 1 in Short Blades
 28999 | Spider:4 | Entered Level 4 of the Spider Nest
 28999 | Spider:4 | Noticed Nikola
 29024 | Spider:4 | Killed Nikola
 29024 | Spider:4 | Reached skill level 15 in Dodging
 29030 | Spider:4 | Received a gift from Trog
 29181 | Spider:4 | Noticed Idiomancer's ghost (adept HuFi)
 29222 | Spider:4 | Killed Idiomancer's ghost
 29222 | Spider:4 | Reached skill level 18 in Shields
 29918 | Spider:4 | Got a gossamer rune of Zot
 29977 | Spider:4 | Received a gift from Trog
 30120 | Swamp:1  | Entered Level 1 of the Swamp
 30140 | Swamp:1  | Noticed Josephine
 30156 | Swamp:1  | Killed Josephine
 30296 | Swamp:1  | Reached skill level 5 in Short Blades
 30394 | Swamp:1  | Noticed Louise
 30435 | Swamp:1  | Killed Louise
 30440 | Swamp:1  | Got a translucent large shield
 30451 | Swamp:1  | Identified the +7 large shield of the Vestibule of Hell {rF+ rCorr Str+5} (You took it off Louise on level 1 of the Swamp)
 30770 | Swamp:2  | Found a white marble altar of Elyvilon.
 31154 | Swamp:2  | Received a gift from Trog
 31211 | Swamp:2  | Reached skill level 19 in Shields
 31681 | Swamp:3  | Reached XP level 18. HP: 170/170 MP: 17/17
 31681 | Swamp:3  | Paralysed by a hornet for 1 turns
 31807 | Swamp:4  | Entered Level 4 of the Swamp
 32054 | Swamp:4  | Received a gift from Trog
 32150 | Swamp:4  | Got a decaying rune of Zot
 32814 | Slime:1  | Entered Level 1 of the Pits of Slime
 32892 | Slime:1  | Gained mutation: You are covered in fur. (AC +1) [a shining eye]
 32915 | Slime:1  | Reached skill level 20 in Shields
 33083 | Slime:1  | Received a gift from Trog
 33202 | Slime:1  | Gained mutation: Your magical capacity is low. (-10% MP) [a shining eye]
 33203 | Slime:1  | Gained mutation: You are frail. (-10% HP) [a shining eye]
 33309 | Slime:2  | Gained mutation: Scrolls take you a little longer to read. [a shining eye]
 33318 | Slime:2  | Gained mutation: Armour fits poorly on your strangely shaped body. [a shining eye]
 33437 | Slime:2  | Gained mutation: Your magical capacity is very low. (-20% MP) [a shining eye]
 34049 | Slime:5  | Entered Level 5 of the Pits of Slime
 34062 | Slime:5  | Paralysed by a great orb of eyes for 7 turns
 34121 | Slime:5  | Reached XP level 19. HP: 161/161 MP: 12/14
 34167 | Slime:5  | Received a gift from Trog
 34449 | Slime:5  | Found a viscous altar of Jiyva.
 34450 | Slime:5  | Noticed the Royal Jelly
 34475 | Slime:5  | Killed the Royal Jelly
 34505 | Slime:5  | Got an encrusted double sword
 34514 | Slime:5  | Got a slimy rune of Zot
 34552 | Slime:5  | Identified Sif Muna's Almanac of Excruciating Evil Rituals
 34575 | Slime:5  | Identified the +2 double sword of Ifehyol {slice, *Rage rElec Str+4 Dex+5} (You found it on level 5 of the Pits of Slime)
 35018 | Vaults:1 | Entered Level 1 of the Vaults
 35286 | Vaults:1 | Received a gift from Trog
 35321 | Vaults:1 | Found Hiucoyrgh's Assorted Antiques.
 35329 | Vaults:1 | Bought a runed gilded ring for 135 gold pieces
 35329 | Vaults:1 | Bought a glowing cabochon ring for 135 gold pieces
 35558 | Vaults:1 | Reached skill level 10 in Short Blades
 35955 | Vaults:1 | Received a gift from Trog
 36121 | Vaults:2 | Noticed Saint Roka
 36138 | Vaults:2 | Killed Saint Roka
 36246 | Vaults:2 | Reached XP level 20. HP: 171/171 MP: 15/15
 36388 | Vaults:2 | Found a portal to a secret trove of treasure.
 36442 | Vaults:2 | Found a staircase to the Crypt.
 36667 | Vaults:2 | Reached skill level 21 in Shields
 37206 | Vaults:2 | Received a gift from Trog
 37602 | Vaults:3 | Paralysed by an ogre mage for 4 turns
 37806 | Vaults:3 | Received a gift from Trog
 38100 | Vaults:3 | Received a gift from Trog
 38106 | Vaults:3 | Got an iridescent war axe {god gift}
 38109 | Vaults:3 | Identified the +7 war axe of the Spider {flame, +Fly rF+ rC+ Int-2} (Trog gifted it to you on level 3 of the Vaults)
 38615 | Vaults:3 | Found Zufe's Weapon Shoppe.
 38620 | Vaults:3 | Reached XP level 21. HP: 180/180 MP: 15/15
 38850 | Vaults:4 | Received a gift from Trog
 38866 | Vaults:4 | Received a gift from Trog
 39370 | Vaults:4 | Received a gift from Trog
 39384 | Vaults:4 | Reached skill level 22 in Shields
 40398 | Vaults:5 | Entered Level 5 of the Vaults
 40495 | Vaults:4 | Received a gift from Trog
 40519 | Vaults:4 | Reached XP level 22. HP: 180/189 MP: 16/16
 40545 | Vaults:5 | Noticed Psyclone's ghost (veteran DEFE)
 40565 | Vaults:5 | Killed Psyclone's ghost
 40568 | Vaults:5 | Noticed a golden dragon
 40580 | Vaults:5 | Killed a golden dragon
 40938 | Vaults:5 | Noticed an ancient lich
 40951 | Vaults:5 | Killed an ancient lich
 41121 | Vaults:5 | Received a gift from Trog
 41150 | Vaults:5 | Received a gift from Trog
 41308 | Vaults:5 | Got a shimmering war axe {god gift}
 41311 | Vaults:5 | Identified the +11 war axe "Veoteuq" {chop, +Inv rN++ MR-} (Trog gifted it to you on level 5 of the Vaults)
 42137 | Vaults:5 | Reached skill level 23 in Shields
 42158 | Vaults:5 | Received a gift from Trog
 42430 | Vaults:5 | Reached XP level 23. HP: 198/198 MP: 17/17
 42599 | Vaults:5 | Got a silver rune of Zot
 43019 | Elf:1    | Entered Level 1 of the Elven Halls
 43152 | Elf:1    | Noticed Aizul
 43169 | Elf:1    | Killed Aizul
 43400 | Elf:1    | Found a radiant altar of Vehumet.
 43415 | Elf:1    | Received a gift from Trog
 43893 | Elf:2    | Found a runed gate.
 43893 | Elf:2    | Found a runed gate.
 43893 | Elf:2    | Found a runed gate.
 44200 | Elf:2    | Noticed Jorgrun
 44212 | Elf:2    | Killed Jorgrun
 44225 | Elf:2    | Received a gift from Trog
 44511 | Elf:3    | Entered Level 3 of the Elven Halls
 44761 | Elf:3    | Found a deep blue altar of Sif Muna.
 45070 | Elf:3    | Got a clouded tin ring
 45600 | Elf:3    | Received a gift from Trog
 45609 | Elf:3    | Identified the ring "Hytoc" {+Inv rElec Int+3 Dex+2} (You took it off a deep elf annihilator on level 3 of the Elven Halls)
 45616 | Elf:3    | Got a warped rapier {god gift}
 45619 | Elf:3    | Identified the +4 rapier of Boatedy {protect, +Inv} (Trog gifted it to you on level 3 of the Elven Halls)
 45622 | Elf:3    | Got a fine bardiche {venom}
 45625 | Elf:3    | Identified the cursed +1 bardiche "Fugall" {venom, rElec rPois} (You took it off a deep elf death mage on level 3 of the Elven Halls)
 45712 | Elf:3    | Got faintly glowing storm dragon scales
 45715 | Elf:3    | Identified the +0 storm dragon scales of the Lair of Beasts {rElec Dex+3 Stlth+} (You found it on level 3 of the Elven Halls)
 45731 | Elf:3    | Got a twitching ruby amulet
 45734 | Elf:3    | Identified the amulet "Xorokh" {RegenMP +Blink rN+} (You found it on level 3 of the Elven Halls)
 45738 | Elf:3    | Got a wavering turquoise ring
 45741 | Elf:3    | Identified the ring of Dopiwep {+Fly rElec Str+5 Dex+4} (You found it on level 3 of the Elven Halls)
 46103 | Depths:1 | Entered Level 1 of the Depths
 46178 | Depths:1 | Noticed filfer's ghost (journeyman FeBe)
 46193 | Depths:1 | Killed filfer's ghost
 46236 | Depths:1 | Found a magical portal.
 46239 | WizLab   | Entered Lehudib's Moon Base
 46433 | WizLab   | Gained mutation: You are covered in thick fur. (AC +2) [a neqoxec]
 46434 | WizLab   | Gained mutation: Your magical capacity is extremely low. (-30% MP) [a neqoxec]
 46440 | WizLab   | Gained mutation: Your spells are a little easier to cast, but a little less powerful. [a neqoxec]
 46463 | WizLab   | Reached XP level 24. HP: 208/208 MP: 15/15
 46506 | WizLab   | Gained mutation: You do not regenerate when monsters are visible. [a cacodemon]
 46507 | WizLab   | Gained mutation: Your spells are easier to cast, but less powerful. [a cacodemon]
 46571 | WizLab   | Got a slimy zirconium amulet
 46574 | WizLab   | Identified the amulet "Carghetu" {Faith rPois rF- Str+5 Slay+2} (You found it in a wizard's laboratory)
 46814 | WizLab   | Received a gift from Trog
 47457 | Depths:1 | Found a gateway to Hell.
 47491 | Depths:1 | Found a one-way gate to the infinite horrors of the Abyss.
 47495 | Depths:1 | Voluntarily entered the Abyss.
 47507 | Abyss:2  | Found a corrupted altar of Lugonu.
 47701 | Abyss:3  | Found a shimmering altar of Xom.
 47832 | Abyss:3  | Reached skill level 24 in Shields
 47917 | Abyss:3  | Found a corrupted altar of Lugonu.
 48074 | Abyss:3  | Paralysed by accursed screaming for 1 turns
 48136 | Abyss:3  | Paralysed by accursed screaming for 1 turns
 48202 | Abyss:3  | Received a gift from Trog
 48456 | Abyss:3  | Got an abyssal rune of Zot
 48587 | Abyss:3  | Paralysed by you for 3 turns
 48617 | Abyss:3  | Received a gift from Trog
 48839 | Depths:1 | Escaped the Abyss
 48939 | Depths:1 | Lost mutation: Your magical capacity is extremely low. (-30% MP) [potion of mutation]
 48939 | Depths:1 | Lost mutation: Scrolls take you a little longer to read. [potion of mutation]
 48939 | Depths:1 | Lost mutation: Your spells are easier to cast, but less powerful. [potion of mutation]
 48939 | Depths:1 | Lost mutation: You are covered in thick fur. (AC +2) [potion of mutation]
 48939 | Depths:1 | Gained mutation: You tend to lose your temper in combat. [potion of mutation]
 48939 | Depths:1 | Gained mutation: You are agile. (Dex +2) [potion of mutation]
 48940 | Depths:1 | Lost mutation: Armour fits poorly on your strangely shaped body. [potion of mutation]
 48940 | Depths:1 | Lost mutation: You tend to lose your temper in combat. [potion of mutation]
 48940 | Depths:1 | Lost mutation: You are frail. (-10% HP) [potion of mutation]
 48940 | Depths:1 | Lost mutation: Your spells are a little easier to cast, but a little less powerful. [potion of mutation]
 48940 | Depths:1 | Gained mutation: You are partially covered in yellow scales. (AC +2) [potion of mutation]
 48940 | Depths:1 | Gained mutation: Your magical capacity is extremely low. (-30% MP) [potion of mutation]
 48940 | Depths:1 | Gained mutation: You are very agile. (Dex +4) [potion of mutation]
 49368 | Depths:1 | Found a glowing golden altar of the Shining One.
 49692 | Depths:2 | Received a gift from Trog
 49742 | Depths:2 | Reached XP level 25. HP: 243/243 MP: 15/15
 50194 | Depths:2 | Found Baappoaxt's Gadget Boutique.
 50194 | Depths:2 | Found Wikoariw's Jewellery Emporium.
 50195 | Depths:2 | Found Exidatol's Jewellery Emporium.
 50200 | Depths:2 | Bought a cursed amulet of harm for 540 gold pieces
 50536 | Depths:2 | Received a gift from Trog
 50753 | Depths:3 | Found a gateway to a ziggurat.
 51063 | Depths:3 | Found a one-way gate leading to the halls of Pandemonium.
 51075 | Depths:3 | Received a gift from Trog
 51117 | Depths:3 | Found Seseec's Antique Armour Emporium.
 51141 | Depths:3 | Cast into level 3 of the Abyss (a deep elf demonologist)
 51313 | Depths:3 | Escaped the Abyss
 51441 | Depths:3 | Received a gift from Trog
 51848 | Depths:5 | Entered Level 5 of the Depths
 51923 | Depths:5 | Found a gate to the Realm of Zot.
 52180 | Depths:5 | Reached skill level 25 in Shields
 52556 | Zot:1    | Entered Level 1 of the Realm of Zot
 52557 | Zot:1    | Noticed an orb of fire
 52586 | Zot:1    | Gained mutation: You occasionally shout uncontrollably at your foes. [an orb of fire]
 52590 | Zot:1    | Gained mutation: You are occasionally teleported next to monsters. [an orb of fire]
 52592 | Zot:1    | Killed an orb of fire
 52669 | Zot:1    | Received a gift from Trog
 52718 | Zot:1    | Reached XP level 26. HP: 254/254 MP: 15/15
 53262 | Crypt:1  | Entered Level 1 of the Crypt
 53349 | Crypt:1  | Received a gift from Trog
 53471 | Crypt:1  | Noticed Frederick
 53478 | Crypt:1  | Killed Frederick
 55072 | Crypt:2  | Received a gift from Trog
 55507 | Crypt:3  | Entered Level 3 of the Crypt
 55921 | Crypt:3  | Noticed Jory
 55936 | Crypt:3  | Killed Jory
 56396 | Crypt:3  | Received a gift from Trog
 56442 | Crypt:3  | Found an ancient bone altar of Kikubaaqudgha.
 56442 | Crypt:3  | Found a basalt altar of Yredelemnul.
 57864 | Hell     | Entered the Vestibule of Hell
 57864 | Hell     | Noticed Geryon
 57907 | Hell     | HP: 9/384 [soul eater/drain life (16)]
 57909 | Hell     | Received a gift from Trog
 57909 | Hell     | Reached XP level 27. HP: 10/264 MP: 15/15
 57912 | Hell     | Killed Geryon
 57912 | Hell     | Reached skill level 26 in Shields
 57962 | Hell     | Found a gateway to the freezing wastes of Cocytus.
 58208 | Hell     | Found a gateway to the decaying netherworld of Tartarus.
 58218 | Tar:1    | Entered Level 1 of Tartarus
 58467 | Tar:1    | You fall through a shaft!
 58776 | Tar:3    | Received a gift from Trog
 59375 | Tar:7    | Entered Level 7 of Tartarus
 59460 | Tar:7    | Received a gift from Trog
 60416 | Tar:7    | Received a gift from Trog
 60432 | Tar:7    | HP: 8/281 [Tzitzimitl[a doom hound] (14)]
 60672 | Hell     | Received a gift from Trog
 61176 | Hell     | Found a gateway to the ashen valley of Gehenna.
 61223 | Geh:1    | Entered Level 1 of Gehenna
 61229 | Geh:1    | Received a gift from Trog
 61643 | Geh:2    | You fall through a shaft!
 61808 | Geh:6    | Reached skill level 27 in Shields
 61857 | Geh:7    | Entered Level 7 of Gehenna
 62016 | Geh:7    | Received a gift from Trog
 62088 | Geh:7    | Lost mutation: You are very agile. (Dex +4) [potion of mutation]
 62088 | Geh:7    | Lost mutation: You are agile. (Dex +2) [potion of mutation]
 62088 | Geh:7    | Lost mutation: You do not regenerate when monsters are visible. [potion of mutation]
 62088 | Geh:7    | Lost mutation: Your magical capacity is extremely low. (-30% MP) [potion of mutation]
 62088 | Geh:7    | Gained mutation: You have a beak for a mouth. [potion of mutation]
 62088 | Geh:7    | Gained mutation: Your mind is acute. (Int +2) [potion of mutation]
 62089 | Geh:7    | Lost mutation: You occasionally shout uncontrollably at your foes. [potion of mutation]
 62089 | Geh:7    | Lost mutation: You are occasionally teleported next to monsters. [potion of mutation]
 62089 | Geh:7    | Lost mutation: Your magical capacity is very low. (-20% MP) [potion of mutation]
 62089 | Geh:7    | Lost mutation: You are partially covered in yellow scales. (AC +2) [potion of mutation]
 62089 | Geh:7    | Gained mutation: You are frail. (-10% HP) [potion of mutation]
 62089 | Geh:7    | Gained mutation: You possess an exceptional clarity of mind. [potion of mutation]
 62089 | Geh:7    | Gained mutation: You are very frail. (-20% HP) [potion of mutation]
 62089 | Geh:7    | Lost mutation: You are very frail. (-20% HP) [potion of mutation]
 62090 | Geh:7    | Lost mutation: You possess an exceptional clarity of mind. [potion of mutation]
 62090 | Geh:7    | Lost mutation: You are covered in fur. (AC +1) [potion of mutation]
 62090 | Geh:7    | Lost mutation: Your magical capacity is low. (-10% MP) [potion of mutation]
 62090 | Geh:7    | Lost mutation: You are frail. (-10% HP) [potion of mutation]
 62090 | Geh:7    | Gained mutation: Your spells are a little harder to cast, but a little more powerful. [potion of mutation]
 62136 | Geh:7    | Received a gift from Trog
 62139 | Geh:7    | Got a slimy hand axe {god gift}
 62140 | Geh:7    | Identified the +4 hand axe of Cruel Justice {venom, rF++ Int-3 Dex+2} (Trog gifted it to you on level 7 of Gehenna)
 62237 | Geh:7    | HP: 13/283 [hellion/damnation (22)]
 62239 | Geh:7    | Killed from afar by a hellion

Vault maps used:
D:1:      arrival_zaba_pyramid, minmay_misc_feat_tower, minmay_box_of_dots
D:2:      serial_forest, infiniplex_forest_lined_3_way,
          infiniplex_forest_straight_3, infiniplex_forest_lined_room_2,
          infiniplex_forest_lined_4_way, infiniplex_forest_clump_tiny,
          infiniplex_forest_lined_2, first_bread
D:3:      makhleb_altar_promises_db, uniq_iyjb, uniq_natasha
D:4:      okawaru_gym_becter, serial_shops, nicolae_shop_crystal
D:5:      temple_fountains, basic_altar, serial_shops, shop
D:6:      eat_drink_and_be_merry_uskayaw, enter_ossuary_1
D:7:      amethyst_overflow_temple_binary, old_standard_altar,
          grunt_ministairs_10
D:8:      grunt_temple_overflow_growth_and_decay, serial_shops,
          nicolae_shop_statue_plus, kennysheep_little_box, nicolae_shop_trees,
          nicolae_shop_waterfront, nicolae_shop_window_shopping,
          hangedman_decor_points, the_bakery, wad_dig_loot
D:9:      orc_0_dummy, serial_park_tiny_2, st_stairs_4,
          nemelex_diamond_rough_becter, uniq_joseph, uniq_erolcha,
          uniq_prince_ribbit1
D:10:     erik_lair_dragon, uniq_fannar, uniq_nergalle
D:11:     library_closet, kennysheep_cluttered_room, uniq_erica
D:12:     enter_bailey_3
D:13:     onia_ninara_cookie, uniq_frances
D:14:     kennysheep_blocky_hall, david_vaults_5, minmay_misc_feat_ornament,
          serial_shops, nicolae_shop_waterfront, guppyfry_shop_blood
D:15:     grunt_enter_depths_magical_seal, serial_park_square3, st_stairs_7
Lair:1:   hangedman_lair_unloving_vines, grunt_megastairs_4, lemuel_fruit_tree
Lair:2:   swamp_mist_pool, beast_lair_carwin_2
Lair:3:   lab_entry_generic
Lair:4:   nicolae_spider_entry_tight_spaces, infiniplex_staircase_pool
Lair:5:   basic_altar, hibernation_bobbens, infiniplex_staircase_pool_2
Lair:6:   minmay_lair_end_enchanted_forest, slime_dummy
Swamp:1:  evilmike_swamp_ruin_house_6, uniq_josephine, uniq_louise
Swamp:2:  basic_altar, swamp_pool2
Swamp:3:  hangedman_swamp_lotus, grunt_lady_of_the_lake
Swamp:4:  swamp_basic_johnstein
Spider:1: uniq_roxanne
Spider:2: zaba_antful_of_joy
Spider:3: uniq_arachne
Spider:4: grunt_spider_rune_circles, hangedman_spider_tarantella_strand,
          uniq_nikola
Orc:1:    serial_shops, shop
Orc:2:    st_orc_pillars
Elf:1:    elf_arrival_001, basic_altar, hangedman_elf_disciples, spider_trap,
          grunt_megastairs_2, uniq_aizul
Elf:2:    uniq_jorgrun
Elf:3:    elf_hall, basic_altar, nicolae_elf_v_pinch, roderic_three_in_a_row
Vaults:1: nicolae_vaults_asterisk, vaults_room_grid, v_misc_13,
          hangedman_vaults_pinch, vaults_room_hallway, serial_shops,
          nicolae_shop_trees
Vaults:2: nicolae_vaults_diagonal_hallway_6, nicolae_vaults_big_ls,
          nicolae_vaults_windows_and_doors_thing,
          minmay_crypt_entry_simple_sparse, hangedman_vaults_stagger,
          nicolae_vaults_rhombus_6, nicolae_vaults_alarming,
          dpeg_vaults_monster_box, hangedman_vaults_capsules,
          grunt_vaults_hallway_long, nicolae_vaults_theta, enter_trove_6,
          uniq_saint_roka
Vaults:3: v_misc_23, vaults_room_large_hall, ontoclasm_vaults_misaligned,
          nicolae_vaults_network_star, vaults_room_fours, vaults_room_corners,
          grunt_vaults_trifunnel, nicolae_vaults_disjoint_gnomons, v_misc_14,
          nicolae_vaults_yaktaur_gun_rack, nicolae_vaults_big_angled_halls,
          v_misc_24, st_lines, nicolae_vaults_little_squares_5,
          nicolae_vaults_shelves_hall, serial_shops, nicolae_shop_waterfront
Vaults:4: v_rooms_3, v_misc_5, st_eye, vaults_dpeg_spiral,
          vaults_room_door_hall, hangedman_vaults_variations, v_misc_33,
          grunt_vaults_hallway_short, vaults_mumra_minichess,
          nicolae_vaults_little_squares_6, nicolae_vaults_rhombus_5,
          nicolae_vaults_little_squares_1, nicolae_vaults_theta
Vaults:5: serial_shops
Crypt:1:  uniq_frederick
Crypt:3:  lightli_unholy_cathedral, tomb_entry_simple_bobbens,
          minmay_misc_feat_hallway, minmay_strange_pillars, grunt_ministairs_10,
          uniq_jory
Depths:1: serial_sigils_hangedman_shear, hell_entry,
          abyss_entry_small_statue_room, mu_enter_wizlab_7, tso_altar
Depths:2: angbandy_vault, roderic_lattice_octagonal_star, abyss_entry,
          hell_entry, stair_cage_line, minmay_shop_grove,
          infiniplex_staircase_diamond
Depths:3: minmay_crystal_thing, enter_ziggurat_d, serial_shops, shop,
          grunt_pan_entry_in_and_out, hell_entry, roderic_roman_lattice,
          nicolae_abyss_entry_one_way_or_another
Depths:4: kennysheep_funnel, abyss_entry, hell_entry, kennysheep_big_empty_room,
          minmay_staircase_bubble, uniq_mara
Depths:5: evilmike_zot_entry_basic, hellmouth_1, pan_entry,
          serial_sigils_hangedman_snap, uniq_sojobo
Geh:7:    evilmike_geh
Tar:7:    tar_mu
Zot:1:    grunt_ministairs_13, grunt_megastairs_3
Abyss:2:  evilmike_abyss_exit_1
Abyss:3:  bh_abyss_exit_spiral, evilmike_abyss_exit_13
Lab:      nicolae_lab_dead_end, nicolae_lab_grate_2, nicolae_lab_grate,
          nicolae_lab_flowing_pool, labyrinth_glass_1, nicolae_lab_starburst,
          nicolae_lab_swirl, nicolae_lab_lava, lab_block,
          labyrinth_skeletal_remains, nicolae_lab_quarters, nicolae_lab_arrow
Ossuary:  ossuary_minmay_tomb_2a
Bailey:   bailey_polearm_5, bailey
WizLab:   wizlab_lehudib

Skill      XL: |  1  2  3  4  5  6  7  8  9 10 11 12 13 14 15 16 17 18 19 20 21 22 23 24 25 26 27 |
---------------+----------------------------------------------------------------------------------+-----
Axes           | 4 5 6 7 8 9 11 12 13 14 15 16 18 19 20 21 22 | 22.8
Fighting       | 4 5 6 7 8 9 11 12 13 14 15 16 17 18 19 20 21 22 23 24 25 | 25.9
Dodging        | 3 4 5 6 7 8 9 10 12 13 14 15 16 17 18 19 20 21 22 24 | 24.1
Armour         | 3 4 5 6 8 9 10 11 12 13 14 15 16 17 18 19 20 21 22 23 24 25 | 25.9
Shields        | 2 4 6 8 9 11 12 13 15 17 19 20 21 22 23 24 25 27 | 27.0
Slings         | 4 6 |  6.0
Short Blades   | 5 8 10 12 13 14 | 14.0

Action                   |  1- 3 |  4- 6 |  7- 9 | 10-12 | 13-15 | 16-18 | 19-21 | 22-24 | 25-27 || total
-------------------------+-------+-------+-------+-------+-------+-------+-------+-------+-------++-------
Melee: Hand axe          |    42 |    90 |       |       |       |       |       |       |       ||   132
       Headbutt          |     7 |    17 |    48 |   107 |   383 |   606 |   537 |   694 |  1074 ||  3473
       Broad axe         |       |    32 |   264 |   369 |   716 |       |       |       |       ||  1381
       War axe           |       |       |       |       |   621 |  1534 |  1195 |  1702 |  2429 ||  7481
       Peck              |       |       |       |       |       |       |       |       |    19 ||    19
 Fire: Hunting sling     |       |       |       |   124 |       |       |       |       |       ||   124
Throw: Javelin           |       |       |       |     4 |       |       |       |       |       ||     4
Invok: Berserk           |     1 |     1 |     2 |    12 |    15 |     3 |     3 |     5 |    12 ||    54
       Trog's Hand       |       |       |     3 |     4 |    10 |     7 |     5 |    14 |    39 ||    82
       Burn Spellbooks   |       |       |       |     1 |     7 |     5 |     1 |     5 |     4 ||    23
       Brothers in Arms  |       |       |       |       |     1 |       |     1 |       |       ||     2
Evoke: Wand              |       |       |       |       |       |     2 |       |    18 |     1 ||    21
       Lamp of fire      |       |       |       |       |       |     1 |       |       |       ||     1
  Use: Scroll            |       |       |    12 |    21 |    17 |     8 |     7 |    20 |    15 ||   100
       Potion            |       |       |       |     2 |     2 |     4 |       |     8 |    16 ||    32
 Stab: Sleeping          |       |     3 |     4 |       |       |       |       |       |       ||     7
       Petrified         |       |       |       |     7 |       |       |       |       |       ||     7
       Held in net/web   |       |       |       |       |       |     1 |       |       |       ||     1
       Distracted        |       |       |       |       |       |       |     1 |     3 |     3 ||     7
       Confused          |       |       |       |       |       |       |       |     1 |       ||     1
       Paralysed         |       |       |       |       |       |       |       |     1 |       ||     1
  Eat: Chunk             |     1 |     1 |     4 |    11 |    22 |       |     7 |     7 |     1 ||    54
       Bread ration      |       |     1 |     3 |       |     1 |     3 |     2 |     4 |    18 ||    32
       Meat ration       |       |     1 |       |     5 |     3 |     2 |     2 |     3 |       ||    16
       Fruit             |       |       |     2 |     6 |     5 |     4 |       |     1 |     2 ||    20
       Royal jelly       |       |       |       |       |     9 |     3 |       |       |     1 ||    13
Armor: Animal skin       |     5 |    13 |       |       |       |       |       |       |       ||    18
       Ring mail         |       |    22 |    73 |    14 |       |       |       |       |       ||   109
       Plate armour      |       |       |       |   111 |   452 |   602 |   121 |     5 |       ||  1291
       Gold dragon scale |       |       |       |       |       |       |       |   142 |   277 ||   419
Dodge: Dodged            |    34 |    90 |   240 |   378 |  1396 |  1702 |   472 |   563 |  1014 ||  5889
Block: Buckler           |       |       |    39 |   127 |   489 |       |       |       |       ||   655
       Shield            |       |       |       |       |   167 |   897 |       |       |       ||  1064
       Large shield      |       |       |       |       |       |   919 |  1489 |  2056 |  3130 ||  7594
       Reflection        |       |       |       |       |       |       |    90 |   151 |    32 ||   273
